 Dungeon Crawl Stone Soup version 0.22-a0-402-ga933591 (webtiles) character file.

1448 KristoblXynda the Ruffian (level 8, 0/67 HPs)
             Began as a Troll Wizard on May 7, 2018.
             Slain by a centaur (9 damage)
             ... on level 6 of the Dungeon.
             The game lasted 00:08:55 (3880 turns).

KristoblXynda the Ruffian (Troll Wizard)            Turns: 3880, Time: 00:08:56

Health: 0/67       AC:  5    Str: 19    XL:     8   Next: 46%
Magic:  8/10       EV:  9    Int: 16    God:
Gold:   272        SH:  0    Dex:  8    Spells: 7/11 levels left

rFire    . . .     SeeInvis .     - Unarmed
rCold    . . .     Gourm    +   (no shield)
rNeg     . . .     Faith    .   a - +0 robe
rPois    .         Spirit   .   b - +0 hat
rElec    .         Reflect  .   (no cloak)
rCorr    .         Harm     .   (gloves unavailable)
MR       .....                  (boots unavailable)
Stlth    +.........             (no amulet)
HPRegen  0.61/turn              c - +3 ring of strength
MPRegen  0.12/turn              (no ring)

@: about to teleport
A: large, unfitting armour, claws 3, fast metabolism 3, gourmand, regeneration
1, shaggy fur 1, tough skin 2
a: no special abilities


You were on level 6 of the Dungeon.
You were full.

You visited 1 branch of the dungeon, and saw 6 of its levels.

You collected 272 gold pieces.

Inventory:

Missiles
 u - 2 throwing nets (quivered)
Armour
 a - a +0 robe (worn)
 b - a +0 hat (worn)
Jewellery
 c - a +3 ring of strength (left claw)
Scrolls
 f - a scroll of fear {unknown}
 g - a scroll of noise {unknown}
 j - a scroll of teleportation
 k - a scroll of random uselessness {unknown}
 m - a scroll of fog {unknown}
 q - 3 scrolls of enchant weapon {unknown}
 s - a scroll of magic mapping {unknown}
 t - a scroll of remove curse {unknown}
Potions
 e - a potion of resistance {unknown}
 h - a potion of magic {unknown}
 i - a potion of mutation
 l - a potion of heal wounds {unknown}
 n - a potion of haste {unknown}
 o - 2 potions of curing
Comestibles
 d - 7 rations


   Skills:
 - Level 1.5 Dodging
 - Level 1.0 Stealth
 * Level 7.3 Unarmed Combat
 - Level 2.0 Spellcasting
 * Level 5.6 Conjurations
   Level 0.6 Summonings
   Level 0.6 Translocations


You had 7 spell levels left.
You knew the following spells:

 Your Spells              Type           Power        Failure   Level  Hunger
a - Magic Dart            Conj           ###.         1%          1    #......
b - Mephitic Cloud        Conj/Pois/Air  #.......     28%         3    ###....


Dungeon Overview and Level Annotations

Branches:
Dungeon (6/15)
 Temple: D:4-7

Altars:
Trog
Yredelemnul
The Shining One


Innate Abilities, Weirdness & Mutations

You are too large for most types of armour.
You have claws for hands.
Your metabolism is lightning-fast.
You like to eat raw meat.
Your natural rate of healing is unusually fast.
You are covered in fur. (AC +1)
You have very tough skin. (AC +2)


Message History

As you read the scroll of teleportation, it crumbles to dust.
You feel strangely unstable. The centaur hits you! The adder bites you.
You are more poisoned.
The adder poisons you! The centaur hits you!
* * * LOW HITPOINT WARNING * * *
The adder bites you.
* * * LOW HITPOINT WARNING * * *
You are more poisoned.
The adder poisons you!
You feel better. The centaur hits you!
* * * LOW HITPOINT WARNING * * *
The centaur hits you.
* * * LOW HITPOINT WARNING * * *
The orc warrior hits the orc wizard with a hand axe!
The orc wizard is killed!
The adder bites you but does no damage. The quokka bites you.
* * * LOW HITPOINT WARNING * * *
The centaur barely misses you. The centaur hits you!
You die...

.........###............#
.....##### #.............
### #.)...........
...######........... .......
.#............###### .Sr....
..............# ....o..
.8............# .o.....
............c.# .......
.#.........@r.###### .......
............S.o....##..Z....
..............(.)†.)........
####....#.#.#.##..###.......
#....#...##.#.o# .......
#....#.....#...# .......
##..#......##..###.......
#...+.._................
#..##..........#########


You could see an orc warrior (confused), a centaur (berserk), an adder, an orc
and a quokka.

Vanquished Creatures
  The ghost of KristoblXynda the Ruffian, a novice TrWz of Ashenzari (D:5)
  The ghost of KristoblXynda the Ruffian, an amateur TrWz (D:3)
  A phantom (D:6)
  2 ogres
  A centaur (D:5)
  A scorpion (D:5)
  A bullfrog zombie (D:5)
  A centaur zombie (D:5)
  A gnoll shaman (D:5)
  2 hounds (D:4)
  3 orc wizards
  2 worker ants
  A howler monkey zombie (D:3)
  9 gnolls
  11 adders
  A shadow imp (D:6)
  2 oozes
  An adder skeleton (D:4)
  2 worms
  2 dart slugs
  3 leopard geckos
  17 orcs
  6 giant cockroaches
  5 goblins
  8 hobgoblins
  7 jackals (D:3)
  2 quokkas (D:3)
  4 bats
  4 frilled lizards
  A goblin skeleton (D:6)
  A hobgoblin zombie (D:6)
  10 kobolds
  2 kobold skeletons (D:6)
  2 kobold zombies (D:6)
  An orc skeleton (D:6)
  2 orc zombies (D:6)
  3 rats
124 creatures vanquished.

Notes
Turn   | Place    | Note
-------+----------+-------------------------------------------
     0 | D:1      | KristoblXynda the Troll Wizard began the quest for the Orb.
     0 | D:1      | Reached XP level 1. HP: 16/16 MP: 2/2
    41 | D:1      | Reached skill level 1 in Unarmed Combat
    41 | D:1      | Reached skill level 1 in Conjurations
    41 | D:1      | Reached XP level 2. HP: 3/24 MP: 4/4
   485 | D:1      | Reached XP level 3. HP: 25/31 MP: 5/5
   757 | D:2      | Reached skill level 2 in Unarmed Combat
   972 | D:2      | Reached XP level 4. HP: 20/39 MP: 6/6
  1459 | D:2      | Reached skill level 3 in Unarmed Combat
  1656 | D:3      | Reached XP level 5. HP: 7/45 MP: 7/7
  1681 | D:3      | Noticed KristoblXynda's ghost (amateur TrWz)
  1748 | D:3      | Killed KristoblXynda's ghost
  1748 | D:3      | Reached skill level 4 in Unarmed Combat
  1748 | D:3      | Reached XP level 6. HP: 49/53 MP: 8/8
  2542 | D:4      | Reached skill level 5 in Unarmed Combat
  2542 | D:4      | Reached XP level 7. HP: 29/59 MP: 9/9
  2657 | D:4      | Learned a level 3 spell: Mephitic Cloud
  3016 | D:4      | Found a basalt altar of Yredelemnul.
  3121 | D:5      | Entered Level 5 of the Dungeon
  3194 | D:5      | Found a bloodstained altar of Trog.
  3254 | D:5      | Noticed KristoblXynda's ghost (novice TrWz)
  3279 | D:5      | Killed KristoblXynda's ghost
  3279 | D:5      | Reached skill level 6 in Unarmed Combat
  3279 | D:5      | Reached skill level 5 in Conjurations
  3279 | D:5      | Reached XP level 8. HP: 67/67 MP: 10/10
  3785 | D:6      | Reached skill level 7 in Unarmed Combat
  3824 | D:6      | Found a glowing golden altar of the Shining One.
  3880 | D:6      | Slain by a centaur

Vault maps used:
D:1:      lightli_arrival_statue_moat
D:2:      first_ration
D:4:      nicolae_overflow_hidden_temple
D:5:      bloody_trog
D:6:      nicolae_tso_besieged_by_evil, lemuel_coloured_pillars_altar,
          minmay_temple_entry_statues_pillars, serial_shops, kennysheep_mini,
          minmay_misc_feat_more_columns, uniq_blork_the_orc

Skill      XL: |  1  2  3  4  5  6  7  8 |
---------------+-------------------------+-----
Unarmed Combat | 1 2 3 4 5 6 7 |  7.3
Conjurations   | 1 2 3 4 5 |  5.6
Dodging        | |  1.5
Stealth        | |  1.0
Spellcasting   | |  2.0
Summonings     | |  0.6
Translocations | |  0.6

Action                   |  1- 3 |  4- 6 |  7- 9 || total
-------------------------+-------+-------+-------++-------
Melee: Unarmed           |   102 |   190 |   141 ||   433
       Punch             |       |     1 |     1 ||     2
 Cast: Magic Dart        |       |       |     2 ||     2
       Mephitic Cloud    |       |       |     1 ||     1
  Use: Scroll            |       |     3 |     4 ||     7
       Potion            |       |     1 |     2 ||     3
 Stab: Sleeping          |     2 |     3 |       ||     5
  Eat: Chunk             |    14 |    13 |    12 ||    39
Armor: Robe              |    47 |    60 |    35 ||   142
       Skin              |       |       |     9 ||     9
Dodge: Dodged            |    53 |   107 |    58 ||   218

Table legend:
 A = Spawn XP
 B = Non-spawn XP
 C = Spawn XP percentage of total XP
 D = Spawn monster count
 E = Non-spawn monster count
 F = Spawn count percentage of total count
 G = Total turns spent on level
                    A         B        C        D         E        F      G
               +---------+---------+-------+---------+---------+-------+---------
         Total |       0 |    2069 |   0.0 |       0 |     124 |   0.0 |  3880
               +---------+---------+-------+---------+---------+-------+---------
           D:1 |       0 |      58 |   0.0 |       0 |      17 |   0.0 |   796
           D:2 |       0 |     113 |   0.0 |       0 |      21 |   0.0 |   802
           D:3 |       0 |     440 |   0.0 |       0 |      42 |   0.0 |   741
           D:4 |       0 |     305 |   0.0 |       0 |      17 |   0.0 |   782
           D:5 |       0 |     859 |   0.0 |       0 |      13 |   0.0 |   631
           D:6 |       0 |     294 |   0.0 |       0 |      14 |   0.0 |   128
               +---------+---------+-------+---------+---------+-------+---------
